 Seeded DCSS version 0.29.1-1-gd02db6906a (webtiles) character file.

Game seed: 9708579739092153053 (custom seed)

697 GigaChad the Fighter (level 7, -1/68 HPs)
             Began as a Minotaur Fighter on Sept 16, 2022.
             Was an Initiate of Trog.
             Succumbed to a water moccasin's poison
             ... on level 6 of the Dungeon.
             The game lasted 00:09:00 (3420 turns).

GigaChad the Fighter (Minotaur Fighter)             Turns: 3420, Time: 00:09:01

Health: -1/68      AC:  4    Str: 28    XL:     7   Next: 37%
Magic:  6/6        EV:  9    Int:  5    God:    Trog [......]
Gold:   163        SH:  0    Dex: 12    Spells: 6/6 levels left

rFire   + . .      SeeInvis .   n - +8 bardiche of Quick Death {vorpal, *Corrode rElec Dex+2}
rCold   . . .      Faith    .   (shield currently unavailable)
rNeg    . . .      Spirit   .   i - +0 plate armour
rPois   .          Reflect  .   (helmet restricted)
rElec   +          Harm     .   (no cloak)
rCorr   .          Rampage  .   (no gloves)
Will    +....                   p - +0 pair of boots "Ilirghaupp" {rF+}
Stlth   ..........              (no amulet)
HPRegen 0.21/turn               o - ring of Virtue {*Slow Will+ Str+6}
MPRegen 0.10/turn               (no ring)

@: lethally poisoned (-1 -> -17), corroded
A: horns 2, retaliatory headbutt
a: Renounce Religion


You were on level 6 of the Dungeon.
You worshipped Trog.
Trog was noncommittal.
You visited 2 branches of the dungeon, and saw 7 of its levels.

You collected 163 gold pieces.

Inventory:

Hand Weapons
 a - a +0 long sword
 f - the +7 mace of the Maze {spect, rPois Will+ Str+2}
   (You found it on level 2 of the Dungeon)

   When its wielder attacks, the weapon's spirit leaps out and strikes again.
   The spirit shares a part of any damage it takes with its wielder.
   Str:       It affects your strength (+2).
   rPois:     It protects you from poison.
   Will:      It increases your willpower.
 n - the +8 bardiche of Quick Death (weapon) {vorpal, *Corrode rElec Dex+2}
   (You acquired it on level 3 of the Dungeon)

   It inflicts extra damage upon your enemies.
   Dex:       It affects your dexterity (+2).
   rElec:     It insulates you from electricity.
   *Corrode:  It may corrode you when you take damage.
Armour
 b - a +0 scale mail
 c - a +0 buckler
 i - a +0 plate armour (worn)
 p - the +0 pair of boots "Ilirghaupp" (worn) {rF+}
   (You acquired it on level 3 of the Dungeon)

   rF:        It protects you from fire.
Jewellery
 o - the ring of Virtue (left hand) {*Slow Will+ Str+6}
   (You acquired it on level 3 of the Dungeon)

   [ring of willpower]

   Str:       It affects your strength (+6).
   *Slow:     It may slow you when you take damage.
   Will:      It increases your willpower.
Wands
 q - a wand of flame (4)
Scrolls
 e - a scroll of blinking
 h - 8 scrolls of identify {unknown}
 k - a scroll of teleportation {unknown}
 m - a scroll of fear {unknown}
 r - 2 scrolls of immolation {unknown}
 t - 3 scrolls of magic mapping {unknown}
Potions
 d - a potion of might
 j - a potion of brilliance {unknown}
 l - 2 potions of haste {unknown}
 s - a potion of resistance {unknown}


   Skills:
 - Level 8.1 Fighting
 - Level 2.4 Long Blades
 - Level 3.7 Armour
 + Level 5.6 Dodging
 - Level 3.7 Shields


You had 6 spell levels left.
You didn't know any spells.
Your spell library contained the following spells:

 Spells                   Type           Power      Damage    Failure   Level
 Necrotise                Necr           0%         1d4       99%         1
 Vampiric Draining        Necr           0%         2d6       100%        3
 Agony                    Necr           0%         N/A       100%        5


Dungeon Overview and Level Annotations

Branches:
Dungeon (6/15)             Temple (1/1) D:6

Altars:
Dithmenos
Elyvilon
Gozag
Kikubaaqudgha
Makhleb
Nemelex Xobeh
Okawaru
Trog
Xom
Zin
The Shining One

Annotations:
D:5 3 runed translucent doors, xian's ghost, amateur DsAE


Innate Abilities, Weirdness & Mutations

You have a pair of horns on your head.
You reflexively headbutt those who attack you in melee.


Message History

You feel very sick. The water moccasin bites you. The adder bites you.
The water moccasin bites you. The adder completely misses you.
You furiously retaliate!
You headbutt the adder, but do no damage.
The water moccasin barely misses you.
Blink to where?
Press: ? - help, Dir - move target
As you read the scroll labelled QAINUI GEON, it crumbles to dust.
It was a scroll of blinking.
You feel sick.
As you read the scroll labelled HABBADOSS, it crumbles to dust.
You hear a loud clanging noise!
It was a scroll of noise.
You feel sick.
You hear an angry growl.
You feel sick.
You feel sick.
A black bear comes into view.
You feel sick.
The black bear growls angrily.
You feel sick.
You feel sick.
You are no longer poisoned.
You completely miss the black bear.
You headbutt the black bear, but do no damage.
The water moccasin bites you.
* * * LOW HITPOINT WARNING * * *
You are lethally poisoned!
The water moccasin poisons you! The black bear closely misses you.
You furiously retaliate!
You headbutt the black bear! The black bear claws you.
* * * LOW HITPOINT WARNING * * *
The black bear claws you.
* * * LOW HITPOINT WARNING * * *
The water moccasin bites you but does no damage.
The black bear bites you.
* * * LOW HITPOINT WARNING * * *
The black bear closely misses you. x2
Blink to where?
Press: ? - help, Dir - move target
As you read the scroll of blinking, it crumbles to dust.
You die...

#.##### ##########§SS..####
#####........#h.#.....#
........# #..#.###..#
#####...# ##.#...# ..##
######..# #.##...# ..#
....<...# #..#..S.##.#
######.## ###.##....#.##
#.#######.#@.##...#..#
######.........##..###..§.#
......#####....###...####.#
.####.#
##.###..###......### .#
#.####...##.#######.....#
.#
#.................#####.#
.#
#.####...##.######......#
.# #.# ##.###.# ##.##### .#
#.# #.# #.# #.#######.


You could see a water moccasin and a black bear.

Vanquished Creatures
  A black bear (D:6)
  A necrophage (D:5)
  2 scorpions (D:5)
  2 jellies
  An orc priest (D:3)
  2 hounds
  3 iguanas
  2 orc wizards (D:5)
  6 adders
  An ufetubus (D:5)
  3 worms
  A dart slug (D:5)
  10 orcs
  3 bats
  3 endoplasms
  4 giant cockroaches
  17 goblins
  6 hobgoblins
  7 jackals
  4 ball pythons
  A frilled lizard (D:3)
  5 kobolds
  A rat (D:1)
86 creatures vanquished.

Vanquished Creatures (others)
  3 plants (D:5)
3 creatures vanquished.

Grand Total: 89 creatures vanquished

Notes
Turn   | Place    | Note
-------+----------+-------------------------------------------
     0 | D:1      | GigaChad the Minotaur Fighter began the quest for the Orb.
     0 | D:1      | Reached XP level 1. HP: 19/19 MP: 0/0
   156 | D:1      | Found a faded altar of an unknown god.
   164 | D:1      | Reached skill level 4 in Fighting
   175 | D:1      | Reached XP level 2. HP: 26/27 MP: 1/1
   294 | D:2      | Identified the +7 mace of the Maze {spect, rPois Will+
                  | Str+2}
   529 | D:2      | Reached skill level 5 in Fighting
   529 | D:2      | Reached XP level 3. HP: 26/36 MP: 2/2
   966 | D:3      | Identified 3 scrolls of acquirement
   966 | D:3      | Acquired the ring of Virtue {*Slow Will+ Str+6}
   969 | D:3      | Acquired the +0 pair of boots "Ilirghaupp" {rF+}
   976 | D:3      | Acquired the +8 bardiche of Quick Death {vorpal, *Corrode
                  | rElec Dex+2}
  1034 | D:3      | Reached XP level 4. HP: 43/44 MP: 3/3
  1054 | D:3      | Reached skill level 6 in Fighting
  1826 | D:4      | Reached skill level 7 in Fighting
  1826 | D:4      | Reached XP level 5. HP: 26/52 MP: 4/4
  2494 | D:5      | Entered Level 5 of the Dungeon
  2576 | D:5      | Noticed xian's ghost (amateur DsAE)
  2576 | D:5      | Found a runed translucent gate.
  2576 | D:5      | Found a runed translucent gate.
  2576 | D:5      | Found a runed translucent gate.
  2595 | D:5      | Reached skill level 8 in Fighting
  2666 | D:5      | Reached XP level 6. HP: 61/61 MP: 5/5
  2682 | D:5      | Reached skill level 1 in Dodging
  2762 | D:5      | Reached XP level 7. HP: 27/68 MP: 6/6
  3203 | D:6      | Found a staircase to the Ecumenical Temple.
  3214 | Temple   | Entered the Ecumenical Temple
  3227 | Temple   | Became a worshipper of Trog the Wrathful
  3320 | D:6      | Reached skill level 5 in Dodging
  3419 | D:6      | HP: 3/68 [black bear (6)]
  3420 | D:6      | Succumbed to a water moccasin's poison

Illustrated notes

Levels and vault maps discovered:
D:1:      matt_arrival_spirals, layout_loops_ring,
          chequers_ecumenical_altar_island, chequers_serial_rivers_room_b,
          minmay_misc_feat_nine_boxes
D:2:      layout_basic, chequers_serial_rivers_small_3
D:3:      layout_loops_ring
D:4:      layout_loops_corners, kennysheep_generic_room_5, uniq_robin
D:5:      kennysheep_kobold_camp, layout_cave_pools,
          gammafunk_ghost_nasty_kobolds, nicolae_fountain_basement
D:6:      minmay_evil_eye, layout_loops_ring, jmf_multi_god_temple2,
          temple_statues, gup_sewer_entry_bubbles, uniq_grinder, uniq_eustachio
Temple:   hellmonk_temple_two_chambers

Skill      XL: |  1  2  3  4  5  6  7 |
---------------+----------------------+-----
Fighting       | 4 5 7 8 |  8.1
Dodging        | 4 5 |  5.6
Long Blades    | |  2.4
Armour         | |  3.7
Shields        | |  3.7

Action                   |  1- 3 |  4- 6 |  7- 9 || total
-------------------------+-------+-------+-------++-------
Melee: Long sword        |    30 |       |       ||    30
       Headbutt          |     5 |     9 |     2 ||    16
       Mace              |    18 |       |       ||    18
       Bardiche          |     6 |    84 |    14 ||   104
  Use: Scroll            |     3 |       |     3 ||     6
Armor: Scale mail        |    23 |       |       ||    23
       Plate armour      |    16 |    87 |    22 ||   125
Dodge: Dodged            |    51 |    61 |    17 ||   129
Block: Buckler           |    13 |       |       ||    13
